Map: Agora mauve EC

Players

INnoVation - Winner!

  • Race: Terran Terran
  • League: Master
  • Spawn Location: 5:00

Cure

  • Race: Terran Terran
  • League: Master
  • Spawn Location: 11:00

VOD

Have the link to the VOD?

Description

Time

  • Played on: Jan. 31, 2018, 11:06 a.m.
  • Length: 12:05
Show
View Real Time Build Order
Export as new Build Order

INnoVation Terran - Winner!

Build Orders: Gas First Reaper Expand, Reaper Expand, Mech 

Get SALT Encoding   

  12  0:00  SCV  
  13  0:12  SCV  
  14  0:17  Supply Depot  
  14  0:24  SCV  
  15  0:29  Refinery  
  15  0:39  SCV  
  16  0:45  Barracks  
  16  0:51  SCV  
  17  1:03  SCV  
  18  1:15  SCV  
  19  1:31  Orbital Command  
  19  1:32  Reaper  
  20  1:46  Command Center  
  20  1:58  Factory  
  20  2:02  SCV  
  20  2:06  Barracks Reactor  
  21  2:14  SCV, Supply Depot  
  22  2:19  Refinery  
  22  2:26  SCV  
  23  2:38  SCV  
  24  2:47  Hellion x2  
  24  2:50  SCV  
  29  2:59  Orbital Command  
  29  3:02  SCV  
  30  3:08  Cyclone x2  
  36  3:14  SCV  
  36  3:17  Barracks Tech Lab  
  37  3:26  SCV x2  
  39  3:28  Supply Depot  
  39  3:38  SCV x2  
  41  3:46  Command Center  
  41  3:50  Siege Tank  
  41  3:52  SCV  
  41  3:54  SCV  
  46  3:57  Supply Depot  
  46  4:04  SCV, Refinery  
  46  4:06  SCV  
  46  4:07  Refinery  
  48  4:16  SCV  
  49  4:18  SCV  
  49  4:22  Siege Tank  
  53  4:28  SCV  
  53  4:30  SCV  
  55  4:40  SCV  
  55  4:41  Factory  
  55  4:42  SCV  
  56  4:46  Barracks Reactor  
  56  4:49  Starport  
  56  4:53  SCV  
  56  4:54  SCV  
  56  4:59  Orbital Command  
  58  5:04  Armory  
  58  5:05  SCV, Armory  
  58  5:07  SCV  
  60  5:08  Refinery  
  60  5:11  Refinery  
  60  5:14  Liberator  
  60  5:17  Liberator, SCV  
  60  5:19  SCV  
  62  5:23  Supply Depot, Siege Tank  
  62  5:27  SCV  
  66  5:29  SCV  
  66  5:31  SCV  
  74  5:39  SCV  
  74  5:41  SCV  
  76  5:45  Supply Depot  
  76  5:46  Factory  
  76  5:49  SCV  
  77  5:51  SCV  
  77  5:53  SCV  
  77  5:54  Terran Vehicle And Ship Armor Level 1, Terran Vehicle Weapons Level 1  
  79  6:01  SCV  
  79  6:03  SCV  
  81  6:05  SCV, Supply Depot  
  81  6:09  Siege Tank  
  85  6:13  SCV  
  85  6:15  SCV  
  85  6:17  SCV  
  85  6:18  Factory, Viking  
  88  6:20  Factory  
  88  6:21  Supply Depot  
  88  6:24  Viking  
  92  6:27  SCV x2  
  92  6:31  Factory Tech Lab  
  94  6:35  SCV  
  94  6:36  Supply Depot  
  94  6:39  SCV x2  
  97  6:47  Supply Depot  
  97  6:48  Viking  
  97  6:52  Command Center  
  99  6:54  Viking  
  99  6:58  Starport  
  99  6:59  Starport  
  101  7:01  Fusion Core  
  101  7:06  Factory Reactor, Factory Tech Lab  
  101  7:14  SCV x3  
  104  7:18  Supply Depot  
  104  7:19  Supply Depot  
  104  7:20  Viking  
  106  7:24  Viking, Siege Tank  
  106  7:25  Siege Tank  
  106  7:29  SCV x2  
  116  7:30  SCV  
  116  7:35  Refinery  
  117  7:40  Hellion x2  
  117  7:41  SCV x2, Refinery  
  117  7:43  SCV, Supply Depot  
  124  7:47  Supply Depot  
  124  7:49  Terran Ship Weapons Level 1  
  124  7:51  Terran Vehicle And Ship Armor Level 2  
  124  7:53  Starport Tech Lab  
  124  7:54  Starport Reactor  
  124  7:58  Viking  
  124  8:02  Viking  
  126  8:06  Orbital Command  
  124  8:16  Viking, Advanced Ballistics  
  126  8:27  SCV x3  
  126  8:32  Viking x4  
  136  8:44  Engineering Bay  
  136  8:46  Viking  
  136  8:48  Command Center  
  147  9:06  Viking x4  
  147  9:08  Starport x2  
  146  9:13  Sensor Tower  
  146  9:16  Viking  
  148  9:19  Liberator x2  
  148  9:26  Supply Depot x2  
  148  9:29  Liberator  
  148  9:37  Viking x2  
  158  9:44  Starport Reactor x2  
  158  9:45  Terran Ship Weapons Level 2  
  157  9:52  Command Center  
  157  9:55  Liberator x2  
  157  9:58  Missile Turret  
  157  10:00  Missile Turret, Refinery  
  157  10:02  Refinery, Orbital Command  
  157  10:11  Sensor Tower  
  163  10:19  Viking x2  
  163  10:20  Drilling Claws  
  167  10:22  Widow Mine x2  
  167  10:23  Widow Mine x2  
  175  10:33  Viking x5  
  185  10:44  Command Center  
  185  10:45  Command Center  
  185  10:55  Siege Tank x3  
  194  11:06  Missile Turret  
  194  11:10  Viking x2  
  194  11:11  Viking  
  200  11:12  Orbital Command  
  200  11:17  Starport Reactor, Starport  
  200  11:18  Starport  
  200  11:25  Command Center  
  200  11:50  Command Center  
Show
View Real Time Build Order
Export as new Build Order

Cure Terran 

Build Orders: Reaper Expand, Mech 

Get SALT Encoding   

  12  0:00  SCV  
  13  0:12  SCV  
  14  0:17  Supply Depot  
  14  0:24  SCV  
  15  0:39  SCV  
  15  0:40  Barracks  
  16  0:44  Refinery  
  16  0:51  SCV  
  17  1:03  SCV  
  18  1:15  SCV  
  19  1:27  Reaper, Orbital Command  
  20  1:45  Command Center  
  20  1:49  Supply Depot  
  20  1:53  SCV  
  21  1:59  Marine  
  22  2:05  SCV  
  23  2:09  Factory  
  23  2:14  Refinery  
  23  2:17  SCV  
  23  2:21  Barracks Reactor  
  24  2:29  SCV  
  25  2:41  SCV  
  26  2:54  SCV  
  26  2:56  Orbital Command  
  27  3:02  Hellion x2  
  31  3:06  SCV  
  32  3:16  Command Center  
  32  3:19  SCV  
  33  3:22  SCV  
  34  3:28  Cyclone  
  34  3:31  Cyclone  
  34  3:33  SCV  
  41  3:36  SCV  
  42  3:41  Supply Depot  
  42  3:46  SCV  
  42  3:48  SCV  
  44  3:52  Supply Depot  
  44  4:01  SCV  
  44  4:02  SCV  
  46  4:04  Cyclone x2  
  46  4:07  Refinery  
  52  4:10  Refinery  
  52  4:18  SCV x2, Engineering Bay  
  54  4:29  Orbital Command  
  54  4:30  SCV x2  
  51  4:42  SCV x2  
  51  4:43  Cyclone x2  
  58  4:54  SCV x2  
  58  4:56  Barracks Tech Lab  
  58  4:57  SCV  
  61  5:06  SCV x2  
  62  5:10  Factory  
  62  5:11  SCV  
  62  5:12  Refinery  
  62  5:13  Factory  
  63  5:17  Supply Depot  
  63  5:18  SCV x2  
  63  5:19  Refinery  
  65  5:22  Barracks Tech Lab  
  65  5:24  SCV  
  66  5:30  SCV x2  
  66  5:33  Siege Tank  
  66  5:34  Starport  
  71  5:37  SCV  
  71  5:41  Supply Depot  
  72  5:42  SCV  
  72  5:43  SCV  
  74  5:50  Armory  
  74  5:51  SCV, Armory  
  74  5:55  SCV  
  76  5:58  Barracks Reactor  
  76  6:01  SCV  
  76  6:03  SCV  
  78  6:06  Siege Tank x2  
  78  6:07  SCV  
  78  6:11  Supply Depot  
  85  6:14  SCV  
  85  6:15  SCV  
  87  6:19  SCV  
  88  6:28  SCV x2, Supply Depot  
  88  6:30  Supply Depot  
  88  6:31  SCV  
  88  6:32  Hellion x2  
  95  6:36  Viking  
  95  6:37  Viking  
  95  6:39  Terran Vehicle And Ship Armor Level 1, Terran Vehicle Weapons Level 1  
  99  6:50  Siege Tank x2  
  105  6:54  Supply Depot x2  
  105  6:57  Hellion x2  
  107  7:06  Viking  
  107  7:07  Command Center  
  109  7:10  Viking  
  111  7:22  Siege Tank x2  
  117  7:26  Hellion x2  
  121  7:36  Viking  
  123  7:40  Starport, Viking  
  123  7:41  Starport, Fusion Core  
  125  7:50  Barracks Reactor  
  125  7:57  Factory  
  125  7:59  Supply Depot x2  
  125  8:06  Viking  
  125  8:10  Viking  
  129  8:17  Starport Tech Lab  
  129  8:18  Liberator  
  129  8:23  SCV x3  
  132  8:33  Viking, Refinery  
  132  8:34  Viking  
  136  8:35  Advanced Ballistics  
  136  8:36  Viking, Refinery  
  136  8:40  Viking  
  143  8:47  Orbital Command  
  141  8:53  Command Center  
  141  8:54  Missile Turret  
  141  8:59  Factory Tech Lab  
  141  9:02  Terran Ship Weapons Level 1, Terran Vehicle And Ship Armor Level 2  
  141  9:03  Starport  
  141  9:06  Starport  
  141  9:08  Viking x2  
  145  9:16  Viking x2  
  149  9:18  Viking  
  151  9:38  Siege Tank x3  
  157  9:44  Viking x2  
  164  9:45  Starport Reactor  
  164  9:46  Starport Reactor  
  164  9:48  Supply Depot  
  164  9:49  Supply Depot  
  164  9:52  Viking x2  
  168  9:54  Supply Depot  
  168  10:06  Orbital Command  
  168  10:09  Refinery  
  168  10:12  Refinery  
  168  10:13  Raven  
  170  10:25  Viking x6  
  182  10:30  Viking x2  
  186  10:38  Corvid Reactor  
  186  10:40  Siege Tank  
  189  10:56  Raven  
  191  11:01  Viking x4  
  191  11:02  Viking  
  197  11:20  Command Center  
  195  11:34  Viking x2  
  199  11:47  Command Center  
  199  11:49  Command Center  
Tags
 
Add a new tag
Caveats
  • Supply blocks, unpowered buildings, or Contaminate may cause inaccurate times.
  • Supply counts are checked every 10 seconds.